TOP OF THE 1ST |
Harrisburg Senators batting - Pitching for Bowie Baysox : RHP Jorge Cortez
|
Pitching: RHP Jorge Cortez
|
|
Batting: RHB Zyaire Bobbett
|
0-0: Foul Ball, location: 2F 0-1: Ball 1-1: Ball 2-1: Called Strike 2-2: Strikes out swinging
|
Batting: LHB Jay Cool
|
0-0: Swinging Strike 0-1: SINGLE (Line Drive, 8RS, EV 94.4 MPH)
|
Batting: RHB Matt Clayton
|
0-0: Ball 1-0: Called Strike 1-1: Ball 2-1: Called Strike 2-2: Ball 3-2: Foul Ball, location: 5FF 3-2: Base on Balls Jay Cool to second
|
Batting: SHB Daniel Ortiz
|
0-0: Foul Ball, location: 2F 0-1: Called Strike 0-2: Ball 1-2: Fly out, F9 (Line Drive, 9, EV 85.6 MPH)
|
Batting: RHB Mike Phlegar
|
0-0: Called Strike 0-1: Fly out, F8 (Flyball, 78XD, EV 85.0 MPH)
|
Top of the 1st over - 0 runs, 1 hit, 0 errors, 2 left on base; Harrisburg 0 - Bowie 0 |
BOTTOM OF THE 1ST |
Bowie Baysox batting - Pitching for Harrisburg Senators : RHP Alex Gallargo
|
Pitching: RHP Alex Gallargo
|
|
Batting: RHB Ivan Rios
|
0-0: Called Strike 0-1: Ball 1-1: Foul Ball, location: 2F 1-2: Ground out 4-3 (Groundball, 34, EV 99.4 MPH)
|
Batting: LHB Nick Cheney
|
0-0: Ball 1-0: Ball 2-0: Ball 3-0: Base on Balls
|
Batting: RHB Willie Villafuerte
|
0-0: Ball 1-0: Called Strike 1-1: SINGLE (Line Drive, 7S, EV 88.8 MPH) Nick Cheney to second
|
Batting: RHB Danny Martinez
|
0-0: Ball Nick Cheney steals 3rd base Willie Villafuerte to second 1-0: Ball 2-0: Called Strike 2-1: Foul Ball, location: 9LSF 2-2: Ball 3-2: Strikes out swinging
|
Batting: SHB Tony Marquez
|
0-0: Ball 1-0: Ground out 4-3 (Groundball, 4, EV 92.5 MPH)
|
Bottom of the 1st over - 0 runs, 1 hit, 0 errors, 2 left on base; Harrisburg 0 - Bowie 0 |
TOP OF THE 2ND |
Harrisburg Senators batting - Pitching for Bowie Baysox : RHP Jorge Cortez
|
Batting: LHB Matt Jenkins
|
0-0: Called Strike 0-1: Called Strike 0-2: Ball 1-2: Foul Ball, location: 5F 1-2: Strikes out swinging
|
Batting: RHB Perry Terry
|
0-0: Ball 1-0: Ball 2-0: Called Strike 2-1: Called Strike 2-2: Fly out, F8 (Flyball, 78D, EV 107.5 MPH)
|
Batting: RHB Jeremy Gardner
|
0-0: Swinging Strike 0-1: Ball 1-1: Ball 2-1: Foul Ball, location: 9LDF 2-2: Fly out, F9 (Line Drive, 89S, EV 86.3 MPH)
|
Top of the 2nd over - 0 runs, 0 hits, 0 errors, 0 left on base; Harrisburg 0 - Bowie 0 |
BOTTOM OF THE 2ND |
Bowie Baysox batting - Pitching for Harrisburg Senators : RHP Alex Gallargo
|
Pitching: RHP Victor Carrion
|
|
Batting: RHB Jose Rodriguez
|
0-0: Ball 1-0: Ground out 6-3 (Groundball, 6, EV 101.9 MPH)
|
Batting: SHB Omar Rangel
|
0-0: Ball 1-0: Ball 2-0: Called Strike 2-1: Foul Ball, location: 2F 2-2: Ball 3-2: Base on Balls
|
Batting: RHB Dan Katz
|
0-0: Called Strike Omar Rangel is caught stealing 2nd base 2-4 0-1: Ball 1-1: Foul Ball, location: 3F 1-2: Fly out, F6 (Popup, 6, EV 61.3 MPH)
|
Bottom of the 2nd over - 0 runs, 0 hits, 0 errors, 0 left on base; Harrisburg 0 - Bowie 0 |
TOP OF THE 3RD |
Harrisburg Senators batting - Pitching for Bowie Baysox : RHP Jorge Cortez
|
Batting: RHB Cameron Hogan
|
0-0: Ball 1-0: Foul Ball, location: 2F 1-1: Ball 2-1: Fly out, F8 (Flyball, 8RD, EV 110.6 MPH)
|
Batting: RHB Zyaire Bobbett
|
0-0: Ball 1-0: Swinging Strike 1-1: Fly out, F4 (Popup, 4MD, EV 68.1 MPH)
|
Batting: LHB Jay Cool
|
0-0: Called Strike 0-1: Ball 1-1: Called Strike 1-2: Ball 2-2: Strikes out swinging
|
Top of the 3rd over - 0 runs, 0 hits, 0 errors, 0 left on base; Harrisburg 0 - Bowie 0 |
BOTTOM OF THE 3RD |
Bowie Baysox batting - Pitching for Harrisburg Senators : RHP Victor Carrion
|
Batting: RHB Paul Hoover
|
0-0: Ball 1-0: Ball 2-0: Swinging Strike 2-1: Foul Ball, location: 2F 2-2: Strikes out looking
|
Batting: RHB Ivan Rios
|
0-0: Swinging Strike 0-1: Swinging Strike 0-2: SINGLE (Groundball, 4MD, EV 98.8 MPH)
|
Batting: LHB Nick Cheney
|
0-0: Fielders Choice at 2nd, 4-6 (Groundball, 4S, EV 86.9 MPH)
|
Batting: RHB Willie Villafuerte
|
0-0: Ball 1-0: Fly out, F8 (Flyball, 8RM, EV 89.4 MPH)
|
Bottom of the 3rd over - 0 runs, 1 hit, 0 errors, 1 left on base; Harrisburg 0 - Bowie 0 |
TOP OF THE 4TH |
Harrisburg Senators batting - Pitching for Bowie Baysox : RHP Jorge Cortez
|
Batting: RHB Matt Clayton
|
0-0: Called Strike 0-1: Ball 1-1: Called Strike 1-2: Strikes out swinging
|
Batting: SHB Daniel Ortiz
|
0-0: Called Strike 0-1: Ball 1-1: Ball 2-1: Ball 3-1: Foul Ball, location: 3F 3-2: Fly out, F6 (Popup, 6M, EV 68.8 MPH)
|
Batting: RHB Mike Phlegar
|
0-0: Foul Ball, location: 3DF 0-1: Foul Ball, location: 7LSFF 0-2: Ball 1-2: Ball 2-2: Strikes out looking
|
Top of the 4th over - 0 runs, 0 hits, 0 errors, 0 left on base; Harrisburg 0 - Bowie 0 |
BOTTOM OF THE 4TH |
Bowie Baysox batting - Pitching for Harrisburg Senators : RHP Victor Carrion
|
Batting: RHB Danny Martinez
|
0-0: SINGLE (Groundball, 4MD, EV 104.4 MPH)
|
Pitching: RHP Sean Riso
|
|
Batting: SHB Tony Marquez
|
0-0: Called Strike 0-1: Fly out, F7 (Flyball, 78M, EV 96.3 MPH)
|
Batting: RHB Jose Rodriguez
|
0-0: Ball 1-0: Ball 2-0: Fly out, F9 (Flyball, 9, EV 93.1 MPH)
|
Batting: SHB Omar Rangel
|
0-0: Called Strike 0-1: Ball 1-1: SINGLE (Line Drive, 7S, EV 92.5 MPH) Danny Martinez to second
|
Batting: RHB Dan Katz
|
0-0: SINGLE (Line Drive, 89M, EV 97.5 MPH) Danny Martinez to third Omar Rangel to second Runner from 3rd tries for Home, SAFE, throw by CF to home Omar Rangel to third Dan Katz to second
|
Batting: RHB Paul Hoover
|
0-0: Foul Ball, location: 5FF 0-1: Swinging Strike 0-2: Strikes out swinging
|
Bottom of the 4th over - 1 run, 3 hits, 0 errors, 2 left on base; Harrisburg 0 - Bowie 1 |
TOP OF THE 5TH |
Harrisburg Senators batting - Pitching for Bowie Baysox : RHP Jorge Cortez
|
Batting: LHB Matt Jenkins
|
0-0: Foul Ball, location: 2LF 0-1: Ball 1-1: SINGLE (Line Drive, 89M, EV 110.0 MPH)
|
Batting: RHB Perry Terry
|
0-0: Ball 1-0: Foul Ball, location: 3SF 1-1: Ball 2-1: Fly out, F8 (Flyball, 8LD, EV 95.6 MPH)
|
Batting: RHB Jeremy Gardner
|
0-0: Called Strike 0-1: Fly out, F9 (Flyball, 9LS, EV 88.8 MPH)
|
Batting: RHB Cameron Hogan
|
0-0: Ball 1-0: Called Strike 1-1: Ball 2-1: Fly out, F7 (Flyball, 7, EV 91.9 MPH)
|
Top of the 5th over - 0 runs, 1 hit, 0 errors, 1 left on base; Harrisburg 0 - Bowie 1 |
BOTTOM OF THE 5TH |
Bowie Baysox batting - Pitching for Harrisburg Senators : RHP Sean Riso
|
Batting: RHB Ivan Rios
|
0-0: Ball 1-0: Foul Ball, location: 9LSF 1-1: Ball 2-1: Foul Ball, location: 9LDF 2-2: Ball 3-2: Base on Balls
|
Batting: LHB Nick Cheney
|
0-0: Called Strike Ivan Rios steals 2nd base 0-1: Swinging Strike 0-2: Ball 1-2: Ball 2-2: Foul Ball, location: 2F 2-2: Ball 3-2: Strikes out looking
|
Pitching: RHP Marco Herrera
|
|
Batting: RHB Willie Villafuerte
|
0-0: Called Strike 0-1: Foul Ball, location: 2F 0-2: Strikes out swinging
|
Batting: RHB Danny Martinez
|
0-0: Fly out, F7 (Flyball, 78D, EV 98.8 MPH)
|
Bottom of the 5th over - 0 runs, 0 hits, 0 errors, 1 left on base; Harrisburg 0 - Bowie 1 |
TOP OF THE 6TH |
Harrisburg Senators batting - Pitching for Bowie Baysox : RHP Jorge Cortez
|
Batting: RHB Zyaire Bobbett
|
0-0: Swinging Strike 0-1: Ball 1-1: Swinging Strike 1-2: Ball 2-2: Ball 3-2: Strikes out swinging
|
Batting: LHB Jay Cool
|
0-0: Foul Ball, location: 9LSF 0-1: Ground out U3 (Groundball, 3, EV 83.8 MPH)
|
Batting: RHB Matt Clayton
|
0-0: Ground out 6-3 (Groundball, 6, EV 84.4 MPH)
|
Top of the 6th over - 0 runs, 0 hits, 0 errors, 0 left on base; Harrisburg 0 - Bowie 1 |
BOTTOM OF THE 6TH |
Bowie Baysox batting - Pitching for Harrisburg Senators : RHP Marco Herrera
|
Batting: SHB Tony Marquez
|
0-0: Ball 1-0: Swinging Strike 1-1: SINGLE (Groundball, 34D, EV 104.4 MPH)
|
Batting: RHB Jose Rodriguez
|
0-0: Ball 1-0: Called Strike 1-1: Ball 2-1: 2-RUN HOME RUN (Flyball, 7D, EV 95.6 MPH), Distance : 376 ft
|
Batting: SHB Omar Rangel
|
0-0: Ball 1-0: Ball 2-0: Ball 3-0: Called Strike 3-1: Called Strike 3-2: Fly out, F3 (Popup, 3, EV 58.8 MPH)
|
Batting: RHB Dan Katz
|
0-0: Ball 1-0: Called Strike 1-1: SINGLE (Groundball, 4MD, EV 98.1 MPH)
|
Batting: RHB Paul Hoover
|
0-0: Foul Ball, location: 2F 0-1: Ball 1-1: Ball 2-1: Ball 3-1: Foul Ball, location: 25FF 3-2: Fly out, F8 (Flyball, 8RD, EV 107.5 MPH)
|
Pitching: LHP Gene Glaus
|
|
Batting: RHB Ivan Rios
|
0-0: Called Strike 0-1: Foul Ball, location: 2F 0-2: Foul Ball, location: 25F 0-2: DOUBLE (Groundball, 5L, EV 109.4 MPH) Dan Katz to third Runner from 3rd tries for Home, SAFE, throw by LF to trailing runner, OUT at third! 7-3-5
|
Bottom of the 6th over - 3 runs, 4 hits, 0 errors, 0 left on base; Harrisburg 0 - Bowie 4 |
TOP OF THE 7TH |
Harrisburg Senators batting - Pitching for Bowie Baysox : RHP Jorge Cortez
|
Batting: SHB Daniel Ortiz
|
0-0: SINGLE (Line Drive, 78M, EV 105.0 MPH)
|
Batting: RHB Mike Phlegar
|
0-0: Foul Ball, location: 5F 0-1: Foul Ball, location: 25FF 0-2: Foul Ball, location: 9LMF 0-2: Ball 1-2: Foul Ball, location: 9LDF 1-2: Strikes out swinging
|
Batting: LHB Matt Jenkins
|
0-0: Ball 1-0: Called Strike 1-1: Swinging Strike 1-2: Strikes out swinging Daniel Ortiz steals 2nd base (no throw) Batter strikes out.
|
Batting: RHB Perry Terry
|
0-0: Ball 1-0: Foul Ball, location: 2F 1-1: Called Strike 1-2: Foul Ball, location: 9LMF 1-2: Strikes out looking
|
Top of the 7th over - 0 runs, 1 hit, 0 errors, 1 left on base; Harrisburg 0 - Bowie 4 |
BOTTOM OF THE 7TH |
Bowie Baysox batting - Pitching for Harrisburg Senators : LHP Gene Glaus
|
Batting: LHB Nick Cheney
|
0-0: Ball 1-0: Foul Ball, location: 3F 1-1: Swinging Strike 1-2: Ball 2-2: Ball 3-2: Ground out U3 (Groundball, 34, EV 79.4 MPH)
|
Batting: RHB Willie Villafuerte
|
0-0: Called Strike 0-1: Swinging Strike 0-2: Ball 1-2: Foul Ball, location: 2F 1-2: Strikes out looking
|
Batting: RHB Danny Martinez
|
0-0: Foul Ball, location: 9LSF 0-1: Ball 1-1: Ball 2-1: Foul Ball, location: 2F 2-2: Strikes out swinging
|
Bottom of the 7th over - 0 runs, 0 hits, 0 errors, 0 left on base; Harrisburg 0 - Bowie 4 |
TOP OF THE 8TH |
Harrisburg Senators batting - Pitching for Bowie Baysox : RHP Jorge Cortez
|
Batting: RHB Jeremy Gardner
|
0-0: Called Strike 0-1: Ball 1-1: Ball 2-1: Ball 3-1: Fly out, F1 (Line Drive, P, EV 65.6 MPH)
|
Pitching: LHP Gabriel Gomez
|
|
Batting: RHB Cameron Hogan
|
0-0: Ball 1-0: Swinging Strike 1-1: Called Strike 1-2: Foul Ball, location: 3FF 1-2: Fly out, F9 (Line Drive, 9S, EV 84.4 MPH)
|
Batting: RHB Zyaire Bobbett
|
0-0: Ball 1-0: Ball 2-0: Called Strike 2-1: Ground out 4-3 (Groundball, 4, EV 85.6 MPH)
|
Top of the 8th over - 0 runs, 0 hits, 0 errors, 0 left on base; Harrisburg 0 - Bowie 4 |
BOTTOM OF THE 8TH |
Bowie Baysox batting - Pitching for Harrisburg Senators : LHP Gene Glaus
|
Batting: SHB Tony Marquez
|
0-0: Ball 1-0: Foul Ball, location: 2F 1-1: Ball 2-1: Fly out, F6 (Popup, P, EV 82.5 MPH)
|
Batting: RHB Jose Rodriguez
|
0-0: Ball 1-0: Foul Ball, location: 2RF 1-1: Foul Ball, location: 23F 1-2: Fly out, F9 (Flyball, 9, EV 99.4 MPH)
|
Pitching: RHP Danny Montes
|
|
Batting: SHB Omar Rangel
|
0-0: Called Strike 0-1: Foul Ball, location: 25F 0-2: Strikes out swinging
|
Bottom of the 8th over - 0 runs, 0 hits, 0 errors, 0 left on base; Harrisburg 0 - Bowie 4 |
TOP OF THE 9TH |
Harrisburg Senators batting - Pitching for Bowie Baysox : LHP Gabriel Gomez
|
Batting: LHB Jay Cool
|
0-0: Ball 1-0: Swinging Strike 1-1: Called Strike 1-2: Strikes out swinging
|
Batting: RHB Matt Clayton
|
0-0: Ball 1-0: Foul Ball, location: 2RF 1-1: Called Strike 1-2: Strikes out swinging
|
Batting: SHB Daniel Ortiz
|
0-0: Called Strike 0-1: Ball 1-1: Ground out 5-3 (Groundball, 5L, EV 91.9 MPH)
|
Top of the 9th over - 0 runs, 0 hits, 0 errors, 0 left on base; Harrisburg 0 - Bowie 4 |
|